 Dungeon Crawl Stone Soup version 0.22-a0-443-g17c3723 (webtiles) character file.

5796 Gorglomux the Cleaver (level 10, 0/59 HPs)
             Began as a Gargoyle Fighter on June 1, 2018.
             Was a Believer of Okawaru.
             Slain by an orc warrior
             ... wielding a +0 battleaxe
              (14 damage)
             ... on level 10 of the Dungeon.
             The game lasted 00:05:15 (7015 turns).

Gorglomux the Cleaver (Gargoyle Fighter)            Turns: 7015, Time: 00:05:15

Health: 0/59       AC: 22    Str: 23    XL:     10   Next: 79%
Magic:  10/12      EV: 11    Int: 10    God:    Okawaru [**....]
Gold:   576        SH: 11    Dex:  9    Spells: 9/9 levels left

rFire    . . .     SeeInvis .   a - +1 war axe
rCold    . . .     Gourm    .   c - +0 shield
rNeg     + . .     Faith    .   n - +0 scale mail
rPois    ∞         Spirit   .   (no helmet)
rElec    +         Reflect  .   v - +0 cloak
rCorr    .         Harm     .   k - +1 pair of gloves
MR       +....     Rnd*Rage +   (no boots)
Stlth    ++........             (no amulet)
HPRegen  0.19/turn              j - +3 ring of strength
MPRegen  0.13/turn              r - +3 ring of protection

@: heroism, drained
A: camouflage 1, berserk 1, magic resistance 1, negative energy resistance 1,
screaming 1, electricity resistance, weak 1, unbreathing, evolution 1,
petrification resistance, rot immunity, MP-powered wands, AC +7
a: Heroism, Renounce Religion


You were on level 10 of the Dungeon.
You worshipped Okawaru.
Okawaru was pleased with you.
You were not hungry.

You visited 2 branches of the dungeon, and saw 11 of its levels.

You collected 576 gold pieces.

Inventory:

Hand Weapons
 a - a +1 war axe (weapon)
 b - a +1 scimitar of flaming
Missiles
 Z - a throwing net (quivered)
Armour
 c - a +0 shield (worn)
 k - a +1 pair of gloves (worn)
 n - a +0 scale mail (worn)
 v - a +0 cloak (worn)
Jewellery
 j - a +3 ring of strength (left hand)
 r - a +3 ring of protection (right hand)
 W - an uncursed ring of poison resistance {unknown}
Wands
 I - a wand of iceblast (11)
 O - a wand of clouds (5)
 P - a wand of paralysis (14)
Scrolls
 g - a scroll of teleportation {unknown}
 m - a scroll of fog
 o - 2 scrolls of remove curse
 p - a scroll of amnesia {unknown}
 q - a scroll of fear
 K - a scroll of summoning {unknown}
 N - 3 scrolls of noise {unknown}
 R - a scroll of identify
 V - a scroll of silence {unknown}
 X - a scroll of enchant weapon
 Y - a scroll of enchant armour
Potions
 d - 3 potions of might
 i - 2 potions of brilliance
 u - 2 potions of berserk rage
 L - a potion of invisibility
 M - a potion of cancellation
 Q - 2 potions of curing
 S - a potion of lignification
 T - a potion of flight {unknown}
 U - a potion of magic
Comestibles
 f - 19 rations


   Skills:
 + Level 5.1(9.6) Fighting
 + Level 12.8(17.2) Axes
 + Level 5.1(9.6) Armour
 + Level 5.1(9.6) Shields
 - Level 3.2(2.8) Invocations


You had 9 spell levels left.
You didn't know any spells.
Your spell library was empty.

Dungeon Overview and Level Annotations

Branches:
Dungeon (10/15)            Temple (1/1) D:7
   Lair: D:8-11         Orc: D:9-12

Altars:
Ashenzari
Cheibriados
Dithmenos
Elyvilon
Fedhas
Gozag
Hepliaklqana
Kikubaaqudgha
Makhleb
Nemelex Xobeh
Okawaru
Qazlal
Ru
Sif Muna
Trog
Uskayaw
Vehumet
Wu Jian
Xom
Yredelemnul
Zin
The Shining One

Annotations:
D:5 1 runed door


Innate Abilities, Weirdness & Mutations

You are resistant to torment.
Your stone body is resilient. (AC +7)
You are immune to poison.
You resist negative energy. (rN+)
You are resistant to electric shocks. (rElec)
You can survive without breathing.
You are immune to petrification.
You are immune to rotting.
Your skin changes colour to match your surroundings (Stealth+).
You tend to lose your temper in combat.
You are resistant to hostile enchantments. (MR+)
You occasionally shout uncontrollably at your foes.
You are weak. (Str -2)
You evolve.
You expend magic power (3 MP) to strengthen your wands.


Message History

Your scale mail prevents you butt hitting the orc warrior!
You open the orc like a pillowcase!!!!!!
You annihilate the orc!!!
Okawaru butts: ANNIHILATED!
You carve the scorpion like a ham!!! Something hits you! * * * butt'butt die
* * * Butt block the scorpion'butts attack!
You gain the combat prowess of a mighty hero!
Something hits butt! * * * don't die
* * * Something hits you but does no damage!
The orc warrior hits you but does no butt!
You block the scorpion's attack!
You carve the orc warrior like a ham!
The orc warrior is lightly wounded!
You barely miss the scorpion! You barely butts something!
Something hits you but butts no damage!
The orc warrior hits you with a BATTLEAXE!!! rip Xom snickers!!!

#.. #............ #..#
#............ +..#
#............ #..#
#............
##+##..#####...%........
....#..#...#............
....P..#...#....)†......
PPP.P.P....#....@s......
PP.P.P....##....o(......
P.P........#............
PP.....P..P'............
P.####P.P.P#........?...
.P# #P.PP.........?....
..# #P.P.P.............
..#+##...P.#............
P.P...P.P..#.........


You could see an orc warrior and a scorpion.

Vanquished Creatures
  Erica (D:9)
  An ugly thing (D:9)
  A hornet (D:8)
  Sigmund (D:3)
  Eustachio (D:6)
  An acid dragon (D:8)
  Menkaure (D:5)
  A water moccasin (D:7)
  Duvessa (D:4)
  2 porcupines (D:10)
  4 ice beasts
  A sky beast (D:8)
  2 slaves (D:5)
  2 phantoms (D:4)
  A black bear (D:7)
  4 ogres
  2 necrophages
  3 centaurs
  3 bullfrogs
  Dowan (D:4)
  A water moccasin skeleton (D:5)
  The ghost of Gorglomux the Chopper, a weakling GrFi (D:4)
  A howler monkey (D:4)
  4 crimson imps
  A bullfrog zombie (D:9)
  2 centaur zombies (D:5)
  4 hounds
  3 jellies
  3 orc priests
  A bullfrog skeleton (D:8)
  2 centaur skeletons
  2 gnoll shamans
  2 iguanas
  4 worker ants
  4 orc wizards
  2 killer bee zombies (D:5)
  3 hound zombies
  3 worker ant zombies (D:5)
  9 adders
  11 gnolls
  2 shadow imps
  An ooze (D:4)
  3 adder zombies (D:5)
  2 adder skeletons
  4 worms
  4 leopard geckos
  15 orcs
  2 ball pythons
  6 bats
  5 giant cockroaches
  6 goblins
  3 hobgoblins
  4 jackals (D:7)
  4 kobolds
  3 quokkas
  2 frilled lizards (D:1)
  A giant cockroach zombie (D:5)
  2 leopard gecko zombies (D:5)
  3 rats
169 creatures vanquished.

Vanquished Creatures (collateral kills)
  Pikel (D:5)
  An adder (D:3)
  2 orcs (D:3)
4 creatures vanquished.

Grand Total: 173 creatures vanquished

Notes
Turn   | Place    | Note
-------+----------+-------------------------------------------
     0 | D:1      | Gorglomux the Gargoyle Fighter began the quest for the Orb.
     0 | D:1      | Reached XP level 1. HP: 14/14 MP: 1/1
    28 | D:1      | Reached skill level 2 in Axes
    55 | D:1      | Reached XP level 2. HP: 15/19 MP: 2/2
   262 | D:2      | Reached skill level 3 in Axes
   312 | D:2      | Reached XP level 3. HP: 23/23 MP: 3/3
   336 | D:2      | Found a shimmering altar of Xom.
   337 | D:2      | Found a hazy altar of Hepliaklqana.
   337 | D:2      | Noticed an earth elemental
   338 | D:2      | Noticed an earth elemental
   338 | D:2      | Noticed a spectral ugly thing
   475 | D:2      | Found a hide-covered altar of Uskayaw.
   531 | D:2      | Became a worshipper of Xom of Chaos
   641 | D:2      | XOM: harmless Pois miscast
   646 | D:2      | Found an ornate altar of the Wu Jian Council.
   727 | D:3      | Noticed a bullfrog
   729 | D:3      | Reached XP level 4. HP: 23/28 MP: 4/4
   730 | D:3      | XOM: cast spell 'Call Canine Familiar'
   740 | D:3      | XOM: silly message
   744 | D:3      | Reached skill level 4 in Axes
   744 | D:3      | XOM: harmless Conj miscast
   747 | D:3      | Killed a bullfrog
   747 | D:3      | Reached XP level 5. HP: 20/32 MP: 5/5
   986 | D:3      | Noticed Sigmund
   999 | D:3      | Killed Sigmund
   999 | D:3      | Reached skill level 5 in Axes
   999 | D:3      | Reached XP level 6. HP: 31/37 MP: 6/6
  1029 | D:3      | Reached skill level 6 in Axes
  1200 | D:4      | Noticed a phantom
  1205 | D:4      | XOM: harmless Air miscast
  1225 | D:4      | Killed a phantom
  1225 | D:4      | Reached XP level 7. HP: 28/41 MP: 7/7
  1405 | D:4      | Reached skill level 7 in Axes
  1418 | D:4      | XOM: mild Summ miscast
  1419 | D:4      | Noticed a spatial vortex
  1439 | D:4      | XOM: cleaving
  1448 | D:4      | Noticed Gorglomux's ghost (weakling GrFi)
  1559 | D:3      | XOM: give mutations
  1559 | D:3      | Gained mutation: Your skin changes colour to match your surroundings (Stealth+). [Xom's grace]
  1559 | D:3      | Gained mutation: You evolve. [Xom's grace]
  1559 | D:3      | Gained mutation: You expend magic power (3 MP) to strengthen your wands. [Xom's grace]
  1570 | D:4      | Killed Gorglomux's ghost
  1577 | D:4      | Gained mutation: You have very sharp teeth. [evolution]
  1640 | D:4      | XOM: fog
  1643 | D:4      | XOM: scenery: create altars
  1815 | D:4      | XOM: medium Fire miscast
  1844 | D:4      | Noticed Duvessa
  1847 | D:4      | Noticed Dowan
  1850 | D:4      | XOM: harmless Conj miscast
  1852 | D:4      | XOM: mild Tloc miscast
  1859 | D:4      | Killed Duvessa
  1859 | D:4      | Reached skill level 8 in Axes
  1865 | D:4      | XOM: medium Conj miscast
  1871 | D:4      | Killed Dowan
  1871 | D:4      | Reached XP level 8. HP: 6/46 MP: 8/8
  1890 | D:4      | XOM: give mutations
  1890 | D:4      | Lost mutation: You have very sharp teeth. [Xom's mischief]
  1890 | D:4      | Gained mutation: You are weak. (Str -2) [Xom's mischief]
  1890 | D:4      | Gained mutation: Your body sometimes deteriorates upon taking damage. [Xom's mischief]
  2042 | D:4      | XOM: 2-stop teleportation journey
  2466 | D:5      | Entered Level 5 of the Dungeon
  2470 | D:5      | XOM: 1-stop teleportation journey
  2477 | D:5      | XOM: smoke on damage
  2480 | D:5      | XOM: repel stairs
  2484 | D:5      | Reached skill level 9 in Axes
  2612 | D:4      | XOM: mild Necr miscast
  2628 | D:5      | Gained mutation: You are resistant to hostile enchantments. (MR+) [evolution]
  2841 | D:5      | Noticed Menkaure
  2849 | D:5      | Killed Menkaure
  3122 | D:5      | XOM: harmless Air miscast
  3190 | D:5      | Noticed Pikel
  3198 | D:5      | Reached skill level 10 in Axes
  3214 | D:5      | XOM: summons friendly iron imp
  3219 | D:5      | Killed Pikel
  3219 | D:5      | Reached XP level 9. HP: 17/51 MP: 9/9
  3344 | D:5      | XOM: 4-stop teleportation journey
  3467 | D:5      | Found a runed door.
  3607 | D:6      | Noticed Eustachio
  3625 | D:6      | Killed Eustachio
  3625 | D:6      | Reached skill level 11 in Axes
  3753 | D:6      | XOM: confuse monster(s)
  3791 | D:6      | XOM: harmless Fire miscast
  4013 | D:6      | XOM: 1-stop teleportation journey
  4038 | D:6      | XOM: scenery: create altars
  4074 | D:6      | Found a glowing silver altar of Zin.
  4074 | D:6      | Found a burning altar of Makhleb.
  4075 | D:6      | Noticed an Executioner
  4075 | D:6      | Noticed an angel
  4493 | D:7      | XOM: butterfly on damage
  4544 | D:7      | XOM is BORED!
  4544 | D:7      | XOM: mild Fire miscast
  4550 | D:7      | Found a staircase to the Ecumenical Temple.
  4570 | Temple   | Entered the Ecumenical Temple
  4735 | Temple   | Lost mutation: Your body sometimes deteriorates upon taking damage. [evolution]
  4769 | Temple   | Fell from the grace of Xom
  4769 | Temple   | Became a worshipper of Warmaster Okawaru
  4888 | D:7      | XOM: severe Tmut miscast
  4888 | D:7      | Gained mutation: You tend to lose your temper in combat. [the severe capriciousness of Xom]
  4936 | D:7      | Reached skill level 12 in Axes
  5237 | D:7      | Found a deep blue altar of Sif Muna.
  5238 | D:7      | Found a basalt altar of Yredelemnul.
  5238 | D:7      | Found a white marble altar of Elyvilon.
  5241 | D:7      | Found a blossoming altar of Fedhas.
  5348 | D:7      | XOM: give mutation
  5348 | D:7      | Gained mutation: You occasionally shout uncontrollably at your foes. [Xom's mischief]
  5533 | D:7      | Reached * piety under Okawaru
  5533 | D:7      | Reached XP level 10. HP: 36/56 MP: 10/10
  5717 | D:8      | XOM: polymorph bullfrog -> acid dragon
  5720 | D:8      | Reached skill level 1 in Invocations
  5792 | D:8      | XOM: mild Chrm miscast
  5815 | D:8      | XOM: 3-stop teleportation journey
  6149 | D:9      | Reached ** piety under Okawaru
  6233 | D:9      | Noticed Erica
  6234 | D:9      | Found a shattered altar of Ashenzari.
  6248 | D:9      | Killed Erica
  6384 | D:9      | Noticed a red ugly thing
  6386 | D:9      | XOM: enchant monster (bad)
  6623 | D:9      | Killed a red ugly thing
  6623 | D:9      | Reached skill level 3 in Invocations
  6683 | D:9      | Found a sparkling altar of Nemelex Xobeh.
  6860 | D:10     | Entered Level 10 of the Dungeon
  7015 | D:10     | Slain by an orc warrior

Vault maps used:
D:1:      dpeg_arrival_simpleton_c
D:2:      regret_index_temple_of_mockery, gammafunk_temple_overflow_statue,
          kennysheep_generic_room_3
D:3:      uniq_sigmund
D:4:      first_ration, uniq_duvessa
D:5:      serial_undead, serial_undead_d, serial_undead_d, serial_undead_d,
          serial_undead_d, serial_undead_a, serial_undead_d,
          hangedman_decor_clover_reticule, uniq_menkaure, uniq_pikel,
          uniq_crazy_yiuf_cottage
D:6:      grunt_temple_overflow_order_and_chaos_2, uniq_eustachio
D:7:      grunt_temple_overflow_open, minmay_temple_entry_grid, grunt_ogre_cave
D:8:      minmay_misc_feat_tiny
D:9:      old_standard_altar, evilmike_ruin_ashenzari, uniq_erica
D:10:     grunt_lair_entry_orc_guard_hut, minmay_orc_entry_guard_dogs
Temple:   dpeg_chambers_temple

Skill      XL: |  1  2  3  4  5  6  7  8  9 10 |
---------------+-------------------------------+-----
Axes           | 2 3 4 5 6 8 10 12 | 12.8
Invocations    | 3 |  3.2
Fighting       | 5 |  5.1
Shields        | 5 |  5.1
Armour         | 5 |  5.1

Action                   |  1- 3 |  4- 6 |  7- 9 | 10-12 || total
-------------------------+-------+-------+-------+-------++-------
Melee: War axe           |    79 |   107 |   445 |   165 ||   796
       Bite              |       |       |     4 |       ||     4
Invok: Heroism           |       |       |       |     5 ||     5
  Use: Potion            |       |       |     3 |       ||     3
       Scroll            |       |       |       |    10 ||    10
 Stab: Invisible         |       |       |     2 |       ||     2
       Confused          |       |       |     1 |       ||     1
  Eat: Chunk             |       |     1 |    15 |     5 ||    21
Armor: Scale mail        |    64 |    79 |   345 |    81 ||   569
Dodge: Dodged            |    27 |    41 |   163 |    35 ||   266
Block: Shield            |    55 |    68 |   252 |    74 ||   449

Table legend:
 A = Spawn XP
 B = Non-spawn XP
 C = Spawn XP percentage of total XP
 D = Spawn monster count
 E = Non-spawn monster count
 F = Spawn count percentage of total count
 G = Total turns spent on level
                    A         B        C        D         E        F      G
               +---------+---------+-------+---------+---------+-------+---------
         Total |       0 |    8280 |   0.0 |       0 |     171 |   0.0 |  7015
               +---------+---------+-------+---------+---------+-------+---------
           D:1 |       0 |      25 |   0.0 |       0 |      14 |   0.0 |   168
           D:2 |       0 |      41 |   0.0 |       0 |      11 |   0.0 |   551
           D:3 |       0 |     381 |   0.0 |       0 |      21 |   0.0 |   559
           D:4 |       0 |    1001 |   0.0 |       0 |      26 |   0.0 |  1298
           D:5 |       0 |    1334 |   0.0 |       0 |      29 |   0.0 |   993
           D:6 |       0 |     809 |   0.0 |       0 |       9 |   0.0 |   916
           D:7 |       0 |    1128 |   0.0 |       0 |      27 |   0.0 |   997
           D:8 |       0 |    1078 |   0.0 |       0 |      14 |   0.0 |   375
           D:9 |       0 |    1979 |   0.0 |       0 |      12 |   0.0 |   776
          D:10 |       0 |     504 |   0.0 |       0 |       8 |   0.0 |   155
               +---------+---------+-------+---------+---------+-------+---------
